 Dungeon Crawl Stone Soup version 0.31-a0-538-gbc85326fa9 (webtiles) character file.

Game seed: 11302069963874947369

2625 LeprechaunX the Ruffian (level 9, -7/62 HPs)
             Began as an Octopode Shapeshifter on Aug 14, 2023.
             Was a Priest of Cheibriados.
             Killed from afar by an electric eel (11 damage)
             ... with a bolt of electricity
             ... on level 6 of the Dungeon.
             The game lasted 00:08:42 (5455 turns).

LeprechaunX the Ruffian (Octopode Shapeshifter)     Turns: 5455, Time: 00:08:43

Health: -7/62      AC:  1    Str: 25    XL:     9   Next: 60%
Magic:  12/12      EV: 14    Int: 18    God:    Cheibriados [***...]
Gold:   301        SH:  6    Dex: 19    Spells: 8/8 levels left

rFire   . .          .
                       - Unarmed
rCold   . . .        p - +0 buckler
rNeg    . . .        (helmet currently unavailable)
rPois   .            (no amulet)
rElec   .            d - ring of see invisible
rCorr   +            g - ring of resist corrosion
SInv    +            (no ring)
Will    .....        (no ring)
Stlth   +++          (no ring)
HPRegen 0.30/turn    (no ring)
MPRegen 0.13/turn    (no ring)
                     (no ring)

%: no passive effects
@: beast-form, very slow
A: beast (slay +3), almost no armour, amphibious, 8 rings, camouflage 1,
gelatinous body 1, (nimble swimmer 1), tentacles
a: Begin Untransformation, Renounce Religion, Bend Time, Temporal Distortion


You were on level 6 of the Dungeon.
You worshipped Cheibriados.
Cheibriados was most pleased with you.
You were a hulking beast.
You visited 1 branch of the dungeon, and saw 6 of its levels.

You collected 301 gold pieces.

Inventory:

Missiles
 s - 5 atropa-tipped darts (quivered)
Armour
 p - a +0 buckler (worn)
Jewellery
 d - a ring of see invisible (left tentacle)
 g - a ring of resist corrosion (right tentacle)
Talismans
 b - a beast talisman (active)
 c - a flux talisman
Wands
 w - a wand of digging (7)
Scrolls
 f - a scroll of summoning {unknown}
 h - 8 scrolls of identify {unknown}
 j - a scroll of noise {unknown}
 k - 2 scrolls of teleportation {unknown}
 l - 2 scrolls of vulnerability {unknown}
 m - a scroll of revelation {unknown}
 t - a scroll of poison {unknown}
 u - a scroll of enchant weapon {unknown}
 v - a scroll of immolation {unknown}
 x - 2 scrolls of blinking {unknown}
 y - a scroll of amnesia {unknown}
 A - a scroll of fear {unknown}
Potions
 a - a potion of curing {unknown}
 e - 3 potions of degeneration {unknown}
 i - a potion of brilliance {unknown}
 n - 4 potions of heal wounds {unknown}
 o - 2 potions of haste {unknown}
 q - 2 potions of enlightenment {unknown}
 r - a potion of lignification
 z - a potion of magic {unknown}


   Skills:
 + Level 5.8 Fighting
 - Level 3.1 Dodging
 + Level 5.1 Shields
 + Level 6.7 Unarmed Combat
 - Level 5.0 Invocations
 + Level 5.8 Shapeshifting


You had 8 spell levels left.
You didn't know any spells.
Your spell library contained the following spells:

 Spells                   Type           Power      Damage    Failure   Level
 Kiss of Death            Conj/Necr      0%         2d5       26%         1
 Summon Small Mammal      Summ           0%         N/A       26%         1
 Call Canine Familiar     Summ           0%         N/A       61%         3
 Confusing Touch          Hex            0%         N/A       61%         3
 Frozen Ramparts          Ice            0%         1d1       61%         3
 Portal Projectile        Hex/Tloc       0%         N/A       61%         3
 Summon Guardian Golem    Hex/Summ       0%         N/A       61%         3
 Tukima's Dance           Hex            0%         N/A       61%         3
 Vhi's Electric Charge    Tloc/Air       0%         N/A       61%         3
 Dispel Undead            Necr           0%         3d6       95%         4
 Iskenderun's Mystic Bla  Conj/Tloc      0%         2d3       95%         4
 Petrify                  Tmut/Erth      0%         N/A       95%         4
 Arcjolt                  Conj/Air       0%         1d10      100%        5
 Metabolic Englaciation   Hex/Ice        0%         N/A       100%        5
 Plasma Beam              Fire/Air       0%         2x1d10    100%        6


Dungeon Overview and Level Annotations

Branches:
Dungeon (6/15)             Temple (0/1) D:5

Altars:
Cheibriados
Gozag
Trog
Uskayaw
Yredelemnul


Innate Abilities, Weirdness & Mutations

You are a hulking beast.
Your limbs bulge with bestial killing power. (Slay +3)
You cannot wear most types of armour.
You are amphibious.
You can wear up to eight rings at the same time.
Your skin changes colour to match your surroundings (Stealth+).
Your rubbery body absorbs attacks. (AC +1, EV +1)
((You are camouflaged when in or above water. (Stealth+)))
You have tentacles for arms and can constrict up to eight enemies at once.


Message History

You enter the deep water.
You enter the deep water.
You enter the deep water.
You enter the deep water.
Key pressed, stopping explore.
You see here a +0 mace.
You open the door.
Found a stone staircase leading down.
There is an open door here.
There is a stone staircase leading down here.
There is an open door here.
Items here: ))) [[ †.
Things that are here:
a +0 dagger; an orc corpse You open the door.
There is an open door here.
You enter the shallow water.
An electric eel is nearby!
You enter the shallow water.
The electric eel shoots out a bolt of lightning at you!
The bolt of electricity hits you!
The electric eel shoots out a bolt of lightning at you!
The bolt of electricity hits you!
The electric eel shoots out a bolt of lightning at you!
The bolt of electricity hits the plant!
The plant begins to die.
The bolt of electricity hits you!
The electric eel shoots out a bolt of lightning at you!
The bolt of electricity hits the plant!
The plant begins to die.
The bolt of electricity hits you!
The electric eel shoots out a bolt of lightning at you!
The bolt of electricity hits the plant!
The bolt of electricity hits you!
* * * LOW HITPOINT WARNING * * *
A nearby plant withers and dies.
A nearby plant withers and dies.
The electric eel shoots out a bolt of lightning at you!
The bolt of electricity hits you.
* * * LOW HITPOINT WARNING * * *
The electric eel shoots out a bolt of lightning at you!
The bolt of electricity hits you!
You die...

≈≈≈≈≈~~~....#.#♣♣♣♣♣~~~♣♣♣♣♣
≈≈≈≈~~SP....#.#♣.PP.~~~P♣P~♣##
≈≈≈≈≈~~~~P..#...~.~..~~~~~...#
≈≈≈≈~~~~~~..#.#~P♣♣♣~~~♣.♣.~..
≈≈~≈P~P~~~.....♣♣♣ ♣.~P♣♣♣♣♣[.
≈~~~~~~P~~...##.# ♣♣~P♣ #...
PP~~~~P~~~...##.# ♣~♣♣ #...
♣♣♣♣######....#.# ♣~P #...
#...h..# ♣.P♣###.). ########
#.###..... #.....##..
####.###.. ###..# #..
#...####.. ##.####~~♣♣
##..P♣~~~♣♣P #~~♣~♣♣~P~~~


You could see an electric eel.

Vanquished Creatures
  Sigmund (D:4)
  Edmund (D:4)
  An orc warrior (D:6)
  An ice beast (D:6)
  Duvessa (D:5)
  3 black bears
  A centaur (D:5)
  3 ogres
  A phantom (D:6)
  4 scorpions
  4 wights (D:6)
  Dowan (D:5)
  2 howler monkeys
  An electric eel (D:6)
  3 hounds (D:4)
  A jelly (D:6)
  A gnoll bouda (D:6)
  5 orc priests
  4 iguanas
  Natasha (thrice) (D:2)
  An orc wizard (D:6)
  8 gnolls
  5 adders
  A white imp (D:4)
  2 worms
  3 dart slugs
  22 orcs
  16 ball pythons
  6 endoplasms
  2 giant cockroaches
  5 goblins
  9 hobgoblins
  5 jackals
  2 quokkas
  7 bats
  4 frilled lizards
  9 kobolds
  5 rats
154 creatures vanquished.

Vanquished Creatures (others)
  2 orcs (D:6)
2 creatures vanquished.

Grand Total: 156 creatures vanquished

Notes
Turn   | Place    | Note
-------+----------+-------------------------------------------
     0 | D:1      | LeprechaunX the Octopode Shapeshifter began the quest for
                  | the Orb.
     0 | D:1      | Reached XP level 1. HP: 13/13 MP: 1/1
    78 | D:1      | Reached XP level 2. HP: 13/18 MP: 2/2
   263 | D:1      | Reached XP level 3. HP: 20/23 MP: 3/3
   571 | D:2      | Noticed Natasha
   581 | D:2      | Killed Natasha
   582 | D:2      | Reached XP level 4. HP: 8/29 MP: 4/4
  1027 | D:2      | Noticed Natasha
  1033 | D:2      | Killed Natasha
  1034 | D:2      | Reached XP level 5. HP: 27/35 MP: 5/5
  1046 | D:2      | Noticed Natasha
  1049 | D:2      | Killed Natasha
  1405 | D:3      | Found a snail-covered altar of Cheibriados.
  1413 | D:3      | Became a worshipper of Cheibriados the Contemplative
  1525 | D:3      | Reached skill level 4 in Unarmed Combat
  1686 | D:3      | Reached skill level 1 in Shields
  1686 | D:3      | Reached skill level 1 in Invocations
  1686 | D:3      | Reached XP level 6. HP: 41/41 MP: 6/6
  2255 | D:4      | Noticed Edmund
  2269 | D:4      | Killed Edmund
  2270 | D:4      | Reached XP level 7. HP: 46/46 MP: 8/8
  2301 | D:4      | Reached * piety under Cheibriados
  2866 | D:4      | Noticed Sigmund
  2874 | D:4      | Killed Sigmund
  2875 | D:4      | Reached skill level 5 in Unarmed Combat
  3029 | D:5      | Entered Level 5 of the Dungeon
  3038 | D:5      | Reached XP level 8. HP: 54/54 MP: 10/10
  3137 | D:5      | Found a staircase to the Ecumenical Temple.
  3196 | D:5      | Reached ** piety under Cheibriados
  3331 | D:5      | Noticed Duvessa
  3332 | D:5      | Noticed Dowan
  3341 | D:5      | Killed Duvessa
  3345 | D:5      | Killed Dowan
  3560 | D:5      | Reached skill level 5 in Shapeshifting
  4185 | D:6      | Reached skill level 5 in Fighting
  4189 | D:6      | Reached XP level 9. HP: 28/61 MP: 12/12
  4364 | D:6      | Reached skill level 6 in Unarmed Combat
  4692 | D:6      | Reached *** piety under Cheibriados
  4752 | D:6      | Found a bloodstained altar of Trog.
  4858 | D:6      | Reached skill level 5 in Invocations
  5055 | D:6      | Found an opulent altar of Gozag.
  5114 | D:6      | Found a hide-covered altar of Uskayaw.
  5115 | D:6      | Found a basalt altar of Yredelemnul.
  5130 | D:6      | Reached skill level 5 in Shields
  5455 | D:6      | Killed from afar by an electric eel

Illustrated notes

Levels and vault maps discovered:
D:1:      matt_arrival_diagonals, layout_rooms, minmay_pentomino_z4
D:2:      layout_basic, uniq_natasha
D:3:      layout_basic, mainiacjoe_overflow_paths
D:4:      layout_gridville, minmay_pentomino_pile, uniq_edmund, uniq_sigmund
D:5:      layout_loops_ring, minmay_temple_entry_water_ring,
          nicolae_figureground_sparkle, uniq_duvessa
D:6:      layout_basic, bloody_trog, grunt_gozag_breadcrumbs,
          nicolae_overflow_squiral, serial_bayou, serial_bayou_pond_d,
          serial_bayou_pond_b, serial_bayou_shore_a, serial_bayou_lake_a,
          serial_bayou_crossing, serial_bayou_pond_a

Skill      XL: |  1  2  3  4  5  6  7  8  9 |
---------------+----------------------------+-----
Fighting       | 2 3 4 5 |  5.8
Dodging        | 3 |  3.1
Unarmed Combat | 4 5 6 |  6.7
Shields        | 1 3 4 5 |  5.1
Invocations    | 1 2 3 4 5 |  5.0
Shapeshifting  | 4 5 |  5.8

Action                     |  1- 3 |  4- 6 |  7- 9 || total
---------------------------+-------+-------+-------++-------
  Melee: Unarmed           |    68 |    93 |   172 ||   333
         Constrict         |    15 |    24 |    43 ||    82
         Tentacles         |     7 |    14 |    37 ||    58
         Punch             |     2 |     4 |     8 ||    14
  Throw: Dart              |       |       |     3 ||     3
    Use: Potion            |       |     1 |       ||     1
   Stab: Sleeping          |     2 |    10 |     8 ||    20
 Armour: Skin              |     4 |    15 |     5 ||    24
  Dodge: Dodged            |    50 |    37 |    85 ||   172
  Block: Buckler           |       |     5 |    26 ||    31

Table legend: (Time is in decaauts)
 A = Elapsed time spent in this place.
 B = Non-inter-level travel time spent in this place.
 C = Inter-level travel time spent in this place.
 D = Time resting spent in this place.
 E = Time spent auto-exploring this place.
 F = Levels seen in this place.
 G = Mean time per level.
                   A        B        C        D        E       F      G
               +--------+--------+--------+--------+--------+-----+--------+
         Total |   6442 |   6241 |    201 |    935 |   4205 |   6 | 1073.7 |
       Dungeon |   6442 |   6241 |    201 |    935 |   4205 |   6 | 1073.7 |
               +--------+--------+--------+--------+--------+-----+--------+

Top non-repeatable levels by time:
     D:6: 1655 daAuts
     D:5: 1422 daAuts
     D:4: 1038 daAuts
     D:3: 937 daAuts
     D:2: 836 daAuts
     D:1: 551 daAuts
